 Dungeon Crawl Stone Soup version 0.21.1-1-g345015f (webtiles) character file.

38211 letownia2 the Impaler (level 14, -4/105 HPs)
             Began as a Merfolk Ice Elementalist on Feb 15, 2018.
             Was an Elder of Cheibriados.
             Slain by a queen ant (11 damage)
             ... on level 6 of the Lair of Beasts.
             The game lasted 01:33:04 (8949 turns).

letownia2 the Impaler (Merfolk Ice Elementalist)    Turns: 8949, Time: 01:33:06

Health: -4/105     AC: -5    Str: 19    XL:     14   Next: 1%
Magic:  8/23       EV: 16    Int: 27    God:    Cheibriados [****..]
Gold:   976        SH:  0    Dex: 28    Spells: 6/26 levels left

rFire    x x .     SeeInvis .   a - +2 halberd (venom)
rCold    + . .     Gourm    .   (shield currently unavailable)
rNeg     . . .     Faith    .   L - +6 chain mail of Riazig {+Blink rF- Int+2}
rPois    .         Spirit   .   m - +0 helmet
rElec    .         Reflect  .   s - +1 cloak
rCorr    .         Harm     .   (no gloves)
MR       +....                  (no boots)
Stlth    ..........             g - amulet of magic regeneration
HPRegen  0.27/turn              n - ring of wizardry
MPRegen  0.43/turn              M - ring of ice

@: about to teleport, corroded, studying Polearms, very slow
A: change form in water, swift swim, stealthy swim
a: Bend Time, Temporal Distortion, Slouch, Renounce Religion, Evoke Blink


You were on level 6 of the Lair of Beasts.
You worshipped Cheibriados.
Cheibriados was greatly pleased with you.
You were hungry.

You visited 3 branches of the dungeon, and saw 18 of its levels.
You also visited: Sewer and Ice Cave.

You collected 976 gold pieces.

Inventory:

Hand Weapons
 a - a +2 halberd of venom (weapon)
 d - a +1 scimitar of flaming
 S - a +3 double sword of holy wrath
Missiles
 j - 35 bolts
 o - 11 tomahawks (quivered)
Armour
 m - a +0 helmet (worn)
 p - a +2 buckler
 s - a +1 cloak (worn)
 I - a +0 leather armour of fire resistance
 L - the +6 chain mail of Riazig (worn) {+Blink rF- Int+2}
   (You found it on level 7 of the Dungeon)

   It affects your intelligence (+2).
   It makes you vulnerable to fire.
   It lets you blink.
 R - a +2 scale mail of cold resistance
Magical Staves
 b - an uncursed staff of poison
 i - an uncursed staff of summoning
Jewellery
 g - an amulet of magic regeneration (around neck)
 n - a ring of wizardry (left hand)
 u - a +5 ring of dexterity
 M - a ring of ice (right hand)
 N - an uncursed ring of resist corrosion
Wands
 q - a wand of acid (10)
 r - a wand of digging (7)
 w - a wand of clouds (3)
 F - a wand of flame (30)
 T - a wand of paralysis (23)
Scrolls
 e - a scroll of fog
 f - a scroll of amnesia
 h - 3 scrolls of identify
 k - a scroll of teleportation
 x - 2 scrolls of enchant armour
 y - 4 scrolls of remove curse
 C - a scroll of immolation
 K - a scroll of enchant weapon
Potions
 t - a potion of magic
 A - 5 potions of flight
 B - 2 potions of lignification
 D - 2 potions of haste
 E - 2 potions of mutation
 J - a potion of berserk rage
 O - a potion of resistance
 P - a potion of might
 W - 2 potions of brilliance
Books
 l - a book of Conjurations

   Spells                             Type                      Level
   a - Magic Dart                     Conjuration                  1
   b - Searing Ray                    Conjuration                  2
   c - Dazzling Spray                 Conjuration/Hexes            3
   d - Fulminant Prism                Conjuration/Hexes            4
   e - Force Lance                    Conjuration/Translocation    4
   f - Iskenderun's Mystic Blast      Conjuration                  4
 v - a book of Debilitation

   Spells                             Type                      Level
   a - Corona                         Hexes                        1
   b - Slow                           Hexes                        2
   c - Inner Flame                    Hexes/Fire                   3
   d - Portal Projectile              Hexes/Translocation          3
   e - Cause Fear                     Hexes                        4
   f - Leda's Liquefaction            Hexes/Earth                  4
 G - a book of Enchantments

   Spells                             Type                      Level
   a - Cause Fear                     Hexes                        4
   b - Yara's Violent Unravelling     Hexes/Transmutation          5
   c - Silence                        Hexes/Air                    5
   d - Deflect Missiles               Charms/Air                   6
   e - Discord                        Hexes                        8
 H - a manual of Polearms
Miscellaneous
 U - a fan of gales
Comestibles
 c - 18 rations


   Skills:
 + Level 8.2 Fighting
 + Level 16.3 Polearms
 - Level 4.0 Armour
 + Level 11.5 Dodging
 + Level 4.3 Stealth
 - Level 6.5 Spellcasting
 - Level 2.8 Conjurations
 - Level 3.1 Charms
 - Level 3.6 Summonings
 - Level 4.0 Necromancy
 - Level 7.7 Ice Magic
 + Level 10.1 Invocations
 - Level 5.2 Evocations


You had 6 spell levels left.
You knew the following spells:

 Your Spells              Type           Power        Failure   Level  Hunger
a - Freeze                Ice            ####         1%          1    None
d - Throw Icicle          Conj/Ice       ######..     28%         4    ###....
f - Throw Frost           Conj/Ice       ######       4%          2    None
i - Summon Ice Beast      Ice/Summ       ######..     26%         4    ###....
k - Animate Skeleton      Necr           N/A          5%          1    None
l - Searing Ray           Conj           ###...       13%         2    None
o - Ozocubu's Armour      Chrm/Ice       ######..     9%          3    None
x - Dazzling Spray        Conj/Hex       ###...       41%         3    None


Dungeon Overview and Level Annotations

Branches:
Dungeon (10/15)            Temple (0/1) D:4            Lair (6/6) D:8
 Shoals (2/4) Lair:3        Snake (0/4) Lair:2
  Slime: Lair:5-6       Orc: D:9-12

Altars:
Cheibriados
Elyvilon
Hepliaklqana
Okawaru
Qazlal
Trog
Yredelemnul
Zin

Annotations:
D:5 Sigmund


Message History

Okay, then.
Unknown command.
Okay, then.
You blink.
You feel slightly more hungry.
The blink frog blinks!
Unknown command.
Unknown command.
Unknown command.
As you read the scroll of teleportation, it crumbles to dust.
You feel strangely unstable. The soldier ant misses you.
The blink frog blinks!
The vampire mosquito bites the plant.
Unknown command.
Unknown command.
You blink.
You feel slightly more hungry. 2 worker ants come into view.
The soldier ant twitches its antennae in your direction. x2
The worker ant twitches its antennae in your direction.
The worker ant bites you.
* * * LOW HITPOINT WARNING * * *
The queen ant stings you!
You die...

##.P###.#.#####.#.# ....
#..y.##.....#PY...##..a.
:...........§..y.§.?.....
............aY.YaY....#
#P...##P....a.YYFY§..#
##...###P#...FYaa.a.a#
##..# ####.....a.a.#aa..
.... #....aaa..## . #....
#.....@a...#
..a.....a..##
...........#
.#####....a.# ###.....#
#.$.... ##a..# .###


You could see a queen ant, 8 yaks, a blink frog, 5 soldier ants, a vampire
mosquito, a bullfrog and 12 worker ants.

Vanquished Creatures
  A merfolk impaler (Shoals:1)
  2 hydras (Lair:4)
  A two-headed ogre (D:8)
  Erica (Lair:2)
  4 death yaks (Lair:4)
  Urug (Lair:3)
  2 sea snakes
  A wizard (D:9)
  4 harpies (Shoals:1)
  2 ugly things (IceCv)
  2 cyclopes
  2 manticores
  4 elephants (Lair:2)
  A merfolk siren (Shoals:2)
  An ice statue (IceCv)
  4 water nymphs
  A black mamba (Lair:2)
  A torpor snail (Lair:2)
  5 spiny frogs
  A rime drake (Lair:5)
  2 komodo dragons
  3 trolls
  5 merfolk
  10 blink frogs
  2 dream sheep (Shoals:2)
  A hippogriff (Shoals:1)
  3 snapping turtles
  A spriggan (D:10)
  15 yaks
  2 wyverns
  A vampire (D:9)
  2 basilisks (Lair:3)
  2 hungry ghosts
  2 nagas (Lair:2)
  4 soldier ants (Lair:6)
  7 water moccasins
  9 ice beasts
  4 orc warriors
  8 porcupines
  A black bear (D:8)
  A phantom (D:9)
  A necrophage (D:9)
  2 sky beasts (D:10)
  An ogre (D:10)
  5 centaurs
  9 wolves
  A big kobold (D:8)
  9 crocodiles
  8 bullfrogs
  A wyvern zombie (D:10)
  A gnoll sergeant (D:10)
  5 scorpions
  9 killer bees (D:10)
  3 howler monkeys
  3 wights (D:8)
  2 electric eels (Lair:3)
  A bullfrog zombie (D:6)
  3 crimson imps
  2 quasits
  8 hounds
  2 jellies (D:10)
  3 orc priests
  A centaur skeleton (D:8)
  10 orc wizards
  2 iguanas
  3 hell rats (Lair:6)
  7 worker ants
  A killer bee zombie (D:10)
  4 hound skeletons
  2 worker ant zombies
  A howler monkey zombie (D:9)
  A gnoll (D:5)
  12 adders
  2 howler monkey skeletons
  4 river rats (D:6)
  2 shadow imps (D:10)
  An adder skeleton (D:9)
  3 worms
  A dart slug (D:2)
  4 leopard geckos
  29 orcs
  2 ball pythons (D:3)
  2 bat skeletons (D:2)
  2 bat zombies (D:2)
  3 giant cockroaches
  2 hobgoblins
  11 jackals
  15 kobolds
  6 quokkas
  2 bats
  4 frilled lizards
  3 goblins
  2 leopard gecko skeletons (D:2)
  9 rats
  3 fungi (D:6)
361 creatures vanquished.

Vanquished Creatures (collateral kills)
  Erolcha (D:10)
  2 hydras (Lair:2)
  A two-headed ogre (D:10)
  A centaur warrior (D:10)
  A cyclops (D:10)
  A centaur zombie (D:10)
  3 spiny frogs
  A merfolk (Shoals:2)
  3 dream sheep (Lair:2)
  2 hippogriffs
  A vampire mosquito (Lair:6)
  A naga (Lair:2)
  A water moccasin (Lair:2)
  A soldier ant (Lair:6)
  A porcupine (Lair:2)
  An orc warrior (D:10)
  2 wolves (Lair:2)
  A crocodile (Lair:2)
  2 bullfrogs
  A howler monkey (D:9)
  A bullfrog zombie (D:5)
  A jelly (D:10)
  An orc priest (D:10)
  A hell rat (Lair:6)
  2 orc wizards (D:10)
  A worker ant (Lair:6)
  2 gnolls (D:5)
  A shadow imp (D:8)
  2 orcs
40 creatures vanquished.

Vanquished Creatures (others)
  A centaur warrior (D:10)
  A howler monkey (D:10)
  39 fungi
  37 plants
78 creatures vanquished.

Grand Total: 479 creatures vanquished

Notes
Turn   | Place    | Note
-------+----------+-------------------------------------------
     0 | D:1      | letownia2 the Merfolk Ice Elementalist began the quest for the Orb.
     0 | D:1      | Reached XP level 1. HP: 13/13 MP: 3/3
    67 | D:1      | Found a snail-covered altar of Cheibriados.
    78 | D:1      | Became a worshipper of Cheibriados the Contemplative
   192 | D:2      | Reached XP level 2. HP: 17/19 MP: 5/5
   520 | D:2      | Reached XP level 3. HP: 3/24 MP: 6/6
   525 | D:2      | Learned a level 3 spell: Ozocubu's Armour
   708 | D:2      | Reached * piety under Cheibriados
   819 | D:2      | HP: 1/24 [hound skeleton (4)]
   823 | D:2      | Reached skill level 1 in Charms
   823 | D:2      | Reached skill level 5 in Ice Magic
   823 | D:2      | Reached XP level 4. HP: 2/30 MP: 4/7
   827 | D:2      | Learned a level 2 spell: Throw Frost
  1063 | D:3      | Found a stormy altar of Qazlal.
  1063 | D:3      | Found an iron altar of Okawaru.
  1064 | D:3      | Found a snail-covered altar of Cheibriados.
  1071 | D:3      | Found a white marble altar of Elyvilon.
  1075 | D:3      | Found a hazy altar of Hepliaklqana.
  1298 | D:3      | Reached XP level 5. HP: 32/35 MP: 5/8
  1326 | D:3      | Reached ** piety under Cheibriados
  1451 | D:4      | Found a staircase to the Ecumenical Temple.
  1541 | D:4      | Noticed an ogre
  1635 | D:4      | Reached XP level 6. HP: 41/41 MP: 7/10
  1816 | D:4      | Learned a level 4 spell: Summon Ice Beast
  1955 | D:5      | Entered Level 5 of the Dungeon
  2016 | D:5      | Reached skill level 1 in Summonings
  2016 | D:5      | Reached skill level 1 in Invocations
  2128 | D:5      | Found a bloodstained altar of Trog.
  2146 | D:5      | Noticed Sigmund
  2300 | D:6      | Noticed a water moccasin
  2308 | D:6      | Killed a water moccasin
  2308 | D:6      | Reached XP level 7. HP: 41/46 MP: 2/12
  2437 | D:6      | Reached *** piety under Cheibriados
  2524 | D:6      | Found a glowing drain.
  2529 | Sewer    | Entered a sewer
  2830 | D:5      | Reached skill level 1 in Fighting
  2833 | D:5      | Reached XP level 8. HP: 40/54 MP: 6/13
  3043 | D:6      | Reached skill level 1 in Armour
  3131 | D:7      | Learned a level 1 spell: Animate Skeleton
  3295 | D:7      | Got a brightly glowing chain mail
  3329 | D:7      | Identified the +6 chain mail of Riazig {+Blink rF- Int+2} (You found it on level 7 of the Dungeon)
  3388 | D:7      | Reached **** piety under Cheibriados
  3517 | D:8      | Reached skill level 1 in Conjurations
  3581 | D:8      | Reached skill level 5 in Dodging
  3624 | D:8      | Noticed a yak
  3643 | D:8      | Reached XP level 9. HP: 64/64 MP: 7/14
  3764 | D:8      | Reached skill level 5 in Invocations
  3765 | D:8      | Found a staircase to the Lair.
  3786 | D:8      | Noticed a two-headed ogre
  3839 | D:8      | Reached ***** piety under Cheibriados
  3846 | D:8      | Killed a two-headed ogre
  3943 | D:8      | Learned a level 2 spell: Searing Ray
  3953 | D:8      | Reached XP level 10. HP: 39/71 MP: 4/16
  4039 | D:8      | Learned a level 3 spell: Dazzling Spray
  4823 | D:9      | Noticed a wizard
  4824 | D:9      | Noticed a manticore
  4830 | D:9      | Killed a wizard
  4830 | D:9      | Reached skill level 5 in Fighting
  4830 | D:9      | Reached skill level 5 in Spellcasting
  4848 | D:9      | Killed a manticore
  4989 | D:9      | Learned a level 4 spell: Throw Icicle
  5065 | D:10     | Entered Level 10 of the Dungeon
  5068 | D:10     | Reached XP level 11. HP: 81/81 MP: 15/19
  5334 | D:10     | Reached skill level 10 in Dodging
  5345 | D:10     | Noticed Erolcha
  5411 | D:10     | Paralysed by Erolcha for 2 turns
  5419 | D:10     | Killed Erolcha
  5605 | D:10     | Reached skill level 1 in Polearms
  5673 | D:10     | Reached skill level 3 in Polearms
  5745 | D:10     | Reached skill level 4 in Polearms
  5767 | D:10     | Noticed a cyclops
  5773 | D:10     | Noticed a centaur warrior
  5777 | D:10     | Killed a centaur warrior
  5777 | D:10     | Reached skill level 5 in Polearms
  5783 | D:10     | Noticed a two-headed ogre
  5789 | D:10     | Killed a cyclops
  5789 | D:10     | Reached skill level 6 in Polearms
  5795 | D:10     | Killed a two-headed ogre
  5795 | D:10     | Reached skill level 7 in Polearms
  5850 | D:10     | Noticed a centaur warrior
  5852 | D:10     | Noticed a cyclops
  5860 | D:10     | Killed a centaur warrior
  5860 | D:10     | Reached skill level 8 in Polearms
  5870 | D:10     | Killed a cyclops
  6016 | D:10     | Reached ****** piety under Cheibriados
  6016 | D:10     | Reached skill level 9 in Polearms
  6101 | Lair:1   | Entered Level 1 of the Lair of Beasts
  6133 | Lair:2   | Noticed a six-headed hydra
  6160 | Lair:2   | Reached skill level 10 in Polearms
  6205 | Lair:2   | Reached skill level 11 in Polearms
  6205 | Lair:2   | Reached XP level 12. HP: 61/89 MP: 2/21
  6215 | Lair:2   | Found a staircase to the Snake Pit.
  6262 | Lair:2   | Found a frozen archway.
  6283 | Lair:2   | Reached skill level 12 in Polearms
  6420 | Lair:2   | Reached skill level 13 in Polearms
  6424 | Lair:2   | Noticed Erica
  6425 | IceCv    | Entered an ice cave
  6739 | IceCv    | Found a transporter.
  6793 | IceCv    | Reached skill level 14 in Polearms
  6809 | Lair:2   | Killed Erica
  6983 | Lair:2   | Killed a six-headed hydra
  7027 | Lair:2   | Noticed a five-headed hydra
  7039 | Lair:2   | Killed a five-headed hydra
  7039 | Lair:2   | Reached skill level 15 in Polearms
  7246 | Lair:3   | Found a staircase to the Shoals.
  7322 | Lair:3   | Reached skill level 1 in Necromancy
  7367 | Shoals:1 | Entered Level 1 of the Shoals
  7451 | Shoals:1 | Reached skill level 16 in Polearms
  7461 | Shoals:1 | Found a basalt altar of Yredelemnul.
  7627 | Shoals:1 | Reached skill level 1 in Evocations
  7627 | Shoals:1 | Reached XP level 13. HP: 50/95 MP: 14/22
  7628 | Shoals:1 | Noticed a merfolk impaler
  7638 | Shoals:1 | Killed a merfolk impaler
  8481 | Lair:4   | Found a glowing silver altar of Zin.
  8612 | Lair:3   | Reached skill level 5 in Evocations
  8672 | Lair:3   | Noticed Urug
  8682 | Lair:3   | Killed Urug
  8784 | Lair:6   | Entered Level 6 of the Lair of Beasts
  8811 | Lair:6   | Reached skill level 10 in Invocations
  8903 | Lair:6   | Noticed an entropy weaver
  8913 | Lair:6   | Reached XP level 14. HP: 83/105 MP: 7/23
  8924 | Lair:6   | HP: 4/105 [soldier ant (4)]
  8949 | Lair:6   | Slain by a queen ant

Skill      XL: |  1  2  3  4  5  6  7  8  9 10 11 12 13 |
---------------+----------------------------------------+-----
Ice Magic      | 4 5 6 7 |  7.7
Charms         | 1 2 3 |  3.1
Spellcasting   | 3 5 6 |  6.5
Summonings     | 2 3 |  3.6
Invocations    | 2 4 8 9 10 | 10.1
Fighting       | 1 3 4 6 8 |  8.2
Dodging        | 3 6 9 10 11 | 11.5
Armour         | 1 2 4 |  4.0
Conjurations   | 2 |  2.8
Polearms       | 11 16 | 16.3
Necromancy     | 2 4 |  4.0
Evocations     | 1 5 |  5.2
Stealth        | 4 |  4.3

Action                   |  1- 3 |  4- 6 |  7- 9 | 10-12 | 13-15 || total
-------------------------+-------+-------+-------+-------+-------++-------
Melee: Whip              |    57 |       |   190 |   151 |       ||   398
       Spear             |    41 |    48 |    19 |       |       ||   108
       Tailslap          |     1 |       |     3 |     8 |     8 ||    20
       Rapier            |       |       |     5 |       |       ||     5
       Dagger            |       |       |    12 |       |       ||    12
       Trident           |       |       |       |   202 |       ||   202
       Staff             |       |       |       |    27 |       ||    27
       Halberd           |       |       |       |   111 |   199 ||   310
Throw: Tomahawk          |       |     4 |     9 |     2 |       ||    15
       Throwing net      |       |       |       |     1 |       ||     1
 Cast: Freeze            |    12 |    83 |   120 |   150 |    33 ||   398
       Ozocubu's Armour  |     1 |     4 |    15 |    34 |       ||    54
       Throw Frost       |       |     1 |     1 |     9 |     9 ||    20
       Summon Ice Beast  |       |       |     1 |    43 |    11 ||    55
       Searing Ray       |       |       |       |    11 |       ||    11
       Animate Skeleton  |       |       |       |     3 |       ||     3
       Throw Icicle      |       |       |       |     1 |     4 ||     5
Invok: Bend Time         |     1 |       |       |     1 |       ||     2
       Slouch            |       |       |       |     5 |     7 ||    12
       Temporal Distorti |       |       |       |     1 |     1 ||     2
       Step From Time    |       |       |       |       |     1 ||     1
 Abil: Evoke Blink       |       |       |       |     4 |     4 ||     8
Evoke: Wand              |       |       |    28 |    49 |    18 ||    95
  Use: Potion            |     2 |       |       |     7 |     5 ||    14
       Scroll            |     1 |     3 |     1 |    24 |     5 ||    34
 Stab: Sleeping          |     5 |     5 |     2 |     4 |       ||    16
       Distracted        |       |       |       |     4 |     2 ||     6
       Invisible         |       |       |       |     2 |       ||     2
       Held in net/web   |       |       |       |     2 |       ||     2
       Paralysed         |       |       |       |     1 |     5 ||     6
  Eat: Chunk             |       |    12 |     6 |    10 |     2 ||    30
Armor: Robe              |    26 |       |       |       |       ||    26
       Leather armour    |       |    17 |   104 |   130 |       ||   251
       Chain mail        |       |       |    37 |    39 |    51 ||   127
       Skin              |       |       |       |    33 |       ||    33
Dodge: Dodged            |    92 |    58 |   295 |   783 |   150 ||  1378
